 Dungeon Crawl Stone Soup version 0.30-a0-629-gd54f4be4f7 (webtiles) character file.

Game seed: 7864827470513031995

213 Dittersdorf the Covered (level 5, -4/34 HPs)
             Began as a Gargoyle Fighter on Jan 12, 2023.
             Slain by Edmund
             ... wielding a +4 flail of protection
              (7 damage)
             ... on level 4 of the Dungeon.
             The game lasted 00:02:48 (2880 turns).

Dittersdorf the Covered (Gargoyle Fighter)          Turns: 2880, Time: 00:02:49

Health: -4/34      AC: 19    Str: 22    XL:     5   Next: 90%
Magic:  5/5        EV:  9    Int:  8    God:
Gold:   140        SH:  4    Dex:  9    Spells: 4/4 levels left

rFire   . . .      SeeInvis .    a - +0 flail
rCold   + + .      Faith    .    c - +0 buckler
rNeg    + . .      Spirit   .    v - +7 Kryia's mail coat {PotionHeal*2 rC+}
rPois   ∞          Reflect  .    (no helmet)
rElec   +          Harm     .    (no cloak)
rCorr   .          Rampage  .    o - +0 pair of gloves
Will    .....                    (no boots) Stlth
                                 (no amulet)
HPRegen 0.25/turn                t - ring of protection from cold
MPRegen 0.09/turn                (no ring)

@: no status effects
A: sickness immunity, AC +4, negative energy resistance 1, electricity
resistance, torment resistance 1, petrification resistance
a: no special abilities


You were on level 4 of the Dungeon.
You visited 1 branch of the dungeon, and saw 4 of its levels.

You collected 140 gold pieces.

Inventory:

Hand Weapons
 a - a +0 flail (weapon)
Missiles
 i - 2 throwing nets
 m - a poisoned dart (quivered)
Armour
 c - a +0 buckler (worn)
 o - a +0 pair of gloves (worn)
 v - the +7 Kryia's mail coat (worn) {PotionHeal*2 rC+}
   (You found it on level 2 of the Dungeon)

   Potions are twice as effective at healing its wearer.
   rC:        It protects you from cold.
Jewellery
 t - a ring of protection from cold (left hand)
Wands
 q - a wand of flame (30)
Scrolls
 b - a scroll of poison {unknown}
 e - a scroll of vulnerability {unknown}
 g - 2 scrolls of acquirement {unknown}
 j - a scroll of magic mapping {unknown}
 k - 4 scrolls of teleportation {unknown}
 l - a scroll of fog {unknown}
 n - a scroll of blinking {unknown}
 p - a scroll of immolation {unknown}
 r - a scroll of identify {unknown}
 w - a scroll of noise {unknown}
 x - a scroll of fear {unknown}
Potions
 d - a potion of might
 f - 3 potions of mutation {unknown}
 h - 2 potions of flight {unknown}
 s - 2 potions of attraction {unknown}
 u - a potion of curing {unknown}


   Skills:
 + Level 4.5 Fighting
 + Level 3.3 Maces & Flails
 + Level 4.5 Armour
 + Level 4.4 Shields


You had 4 spell levels left.
You didn't know any spells.
Your spell library contained the following spells:

 Spells                   Type           Power      Damage    Failure   Level
 Stone Arrow              Conj/Erth      0%         3d7       99%         3
 Animate Armour           Summ/Erth      0%         N/A       100%        4
 Lehudib's Crystal Spear  Conj/Erth      0%         10d2      100%        8


Dungeon Overview and Level Annotations

Branches:
Dungeon (4/15)
 Temple: D:4-7

Altars:
Xom

Annotations:
D:4 Edmund


Innate Abilities, Weirdness & Mutations

You are immune to sickness and miasma.
Your stone body is resilient. (AC +4)
You are immune to poison.
You resist negative energy. (rN+)
You are resistant to electric shocks. (rElec)
You are resistant to unholy torment.
You are immune to petrification.


Message History

Edmund hits you with a +4 flail of protection.
You closely miss Edmund.
Edmund is lightly wounded.
Edmund hits you with a +4 flail of protection.
Edmund hits you but does no damage.
You barely miss Edmund.
Edmund is lightly wounded.
Edmund hits you but does no damage.
You sock Edmund!
Edmund is moderately wounded.
Edmund hits you with a +4 flail of protection.
You sock Edmund!
Edmund is heavily wounded.
You block Edmund's attack.
You completely miss Edmund.
Edmund is heavily wounded.
Edmund barely misses you.
Edmund hits you with a +4 flail of protection.
You hit Edmund but do no damage.
Edmund is severely wounded.
Edmund barely misses you.
You sock Edmund!
Edmund is severely wounded.
Edmund looks more healthy.
Edmund hits you with a +4 flail of protection.
You hit Edmund.
Edmund is almost dead.
Edmund hits you with a +4 flail of protection.
* * * LOW HITPOINT WARNING * * *
Edmund hits you but does no damage.
Throw: 2 darts (poison)
Press: ? - help, Q - select action, (/) - cycle Shift-Dir - straight line, f/p - Edmund
Aim: Edmund, wielding a +4 flail of protection and wearing a +0 ring mail (almost dead, 60% to hit)
You throw a poisoned dart.
The poisoned dart closely misses Edmund.
Edmund hits you with a +4 flail of protection.
* * * LOW HITPOINT WARNING * * *
Edmund attacks as you move away!
Edmund hits you with a +4 flail of protection!
You die...

...#.....⌠..............#
...#....................#
...##..⌠................#
....##.........†........#
........................#
...................######
...................#
............>......#
.....#####......@..#
.....# +......@..# .....#
#.........###### .....#
######(###.....# .....#
... #.....# .....# ..(..
#.....# .....# ..♣♣♣♣♣
#.....# .....# # #.....#
.....# ♣.....#


You could see Edmund.

Vanquished Creatures
  A hound (D:3)
  Jessica (D:2)
  An orc wizard (D:4)
  4 gnolls
  3 adders
  3 worms
  4 orcs
  7 ball pythons
  7 endoplasms
  A giant cockroach (D:3)
  2 goblins
  5 hobgoblins
  4 jackals (D:1)
  4 kobolds
  2 quokkas (D:3)
  3 bats
  2 frilled lizards (D:1)
  5 rats
59 creatures vanquished.

Notes
Turn   | Place    | Note
-------+----------+-------------------------------------------
     0 | D:1      | Dittersdorf the Gargoyle Fighter began the quest for the
                  | Orb.
     0 | D:1      | Reached XP level 1. HP: 14/14 MP: 1/1
   446 | D:1      | Found a faded altar of an unknown god.
   559 | D:1      | Reached XP level 2. HP: 19/19 MP: 2/2
  1036 | D:2      | Noticed Jessica
  1043 | D:2      | Killed Jessica
  1044 | D:2      | Reached XP level 3. HP: 21/24 MP: 3/3
  1137 | D:2      | Found the +7 Kryia's mail coat {PotionHeal*2 rC+}
  1586 | D:3      | Reached XP level 4. HP: 29/29 MP: 4/4
  1792 | D:3      | Reached XP level 5. HP: 26/33 MP: 5/5
  2187 | D:3      | Found a shimmering altar of Xom.
  2864 | D:4      | Noticed Edmund
  2880 | D:4      | Slain by Edmund

Illustrated notes

Levels and vault maps discovered:
D:1:      dpeg_arrival_rhombus, layout_loops_corners,
          shapermc_ecumenical_altar_totnotflames
D:2:      layout_basic, uniq_jessica
D:3:      layout_basic, tgw_xom
D:4:      layout_gridville, glass_columns_c, grunt_ministairs_9,
          serial_bayou_ford_a, grunt_decor_resistance,
          nicolae_shop_overcharged_wands, uniq_edmund

Skill      XL: |  1  2  3  4 |
---------------+-------------+-----
Fighting       | 4 |  4.5
Armour         | 4 |  4.5
Shields        | 4 |  4.4
Maces & Flails | 3 |  3.3

Action                   |  1- 3 |  4- 6 || total
-------------------------+-------+-------++-------
Melee: Flail             |    92 |   135 ||   227
Throw: Dart              |       |     4 ||     4
Armor: Scale mail        |    71 |    85 ||   156
Dodge: Dodged            |    38 |    76 ||   114
Block: Buckler           |    23 |    37 ||    60

Table legend: (Time is in decaauts)
 A = Elapsed time spent in this place.
 B = Non-inter-level travel time spent in this place.
 C = Inter-level travel time spent in this place.
 D = Time resting spent in this place.
 E = Time spent auto-exploring this place.
 F = Levels seen in this place.
 G = Mean time per level.
                   A        B        C        D        E       F      G
               +--------+--------+--------+--------+--------+-----+--------+
         Total |   2954 |   2896 |     58 |     95 |   2242 |   4 |  738.5 |
       Dungeon |   2954 |   2896 |     58 |     95 |   2242 |   4 |  738.5 |
               +--------+--------+--------+--------+--------+-----+--------+

Top non-repeatable levels by time:
     D:2: 953 daAuts
     D:3: 936 daAuts
     D:1: 923 daAuts
     D:4: 141 daAuts
